 Dungeon Crawl Stone Soup version 0.31-a0-331-geda263fcf1 (webtiles) character file.

Game seed: 3244330553155349884

728 tsouns the Sneak (level 7, -1/32 HPs)
             Began as a Spriggan Conjurer on July 20, 2023.
             Slain by a black bear (4 damage)
             ... on level 4 of the Dungeon.
             The game lasted 00:08:54 (4174 turns).

tsouns the Sneak (Spriggan Conjurer)                Turns: 4174, Time: 00:08:54

Health: -1/32      AC:  3    Str:  3    XL:     7   Next: 44%
Magic:  5/16       EV: 17    Int: 21    God:
Gold:   373        SH:  0    Dex: 14    Spells: 1/17 levels left

rFire   . . .        r - +0 dagger (elec)
rCold   . . .        (no shield)
rNeg    . . .        a - +1 robe
rPois   .            (helmet restricted)
rElec   .            (no cloak)
rCorr   .            (gloves unavailable)
SInv    +            (boots unavailable)
Will    +....        (no amulet)
Stlth   ++++         (no ring)
HPRegen 0.25/turn    (no ring)
MPRegen 0.15/turn

%: no passive effects
@: on blink cooldown, very slightly contaminated, very quick
A: very small, no large weapons, unfitting armour, see invisible, speed 3
a: no special abilities


You were on level 4 of the Dungeon.
You visited 2 branches of the dungeon, and saw 5 of its levels.

You collected 373 gold pieces.

Inventory:

Hand Weapons
 e - a +1 short sword of speed
 r - a +0 dagger of electrocution (weapon)
Armour
 a - a +1 robe (worn)
Jewellery
 p - a ring of ice
Wands
 q - a wand of iceblast (7)
Scrolls
 d - a scroll of teleportation
 n - 4 scrolls of immolation
Potions
 b - a potion of magic
 c - a potion of degeneration {unknown}
 h - a potion of lignification
 i - a potion of mutation
 j - a potion of ambrosia
 k - 4 potions of curing {unknown}
 l - a potion of haste {unknown}
 t - a potion of heal wounds {unknown}


   Skills:
 + Level 4.0 Short Blades
 - Level 2.6 Dodging
 + Level 7.3 Stealth
 + Level 5.5 Spellcasting
 + Level 4.3 Conjurations


You had one spell level left.
You knew the following spells:

 Your Spells              Type           Power      Damage    Failure   Level
a - Magic Dart            Conj           96%        1d7       1%          1
b - Searing Ray           Conj           48%        2d6       2%          2
c - Dazzling Flash        Conj/Hex       28%        N/A       13%         3
d - Sticky Flame          Conj/Fire      14%        2d4       38%         4
e - Iskenderun's Mystic   Conj/Tloc      14%        2d5       38%         4
f - Blink                 Tloc           10%        N/A       16%         2

Your spell library contained the following spells:

 Spells                   Type           Power      Damage    Failure   Level
 Ignite Poison            Fire/Tmut/Pois 5%         N/A       30%         3
 Fulminant Prism          Conj/Hex       7%         3d7       38%         4
 Manifold Assault         Tloc           5%         N/A       71%         4
 Ignition                 Fire           2%         3d3       100%        8


Dungeon Overview and Level Annotations

Branches:
Dungeon (4/15)             Temple (1/1) D:4

Altars:
Gozag
Kikubaaqudgha
Makhleb
Okawaru
Ru
Sif Muna
Trog
Wu Jian
Xom
Yredelemnul
Zin
The Shining One

Shops:
D:3 =


Innate Abilities, Weirdness & Mutations

You are very small and have problems with some larger weapons.
You are too small for most types of armour.
You have supernaturally acute eyesight. (SInv)
You cover ground extremely quickly. (Speed+++)


Message History

Press: ? - help, Shift-Dir - straight line, f/p - black bear
Aim: a black bear (severely wounded, 100% to hit)
The magic dart hits the black bear.
The black bear is almost dead.
The black bear goes berserk!
Casting: Magic Dart (safe; 1% risk of failure)
Confirm with . or Enter, or press ? or * to list all spells.
Aiming: Magic Dart (safe; 1% risk of failure)
Press: ? - help, Shift-Dir - straight line, f/p - black bear
Aim: a black bear (almost dead, berserk, 100% to hit)
You miscast Magic Dart.
You are very lightly contaminated with residual magic.
Nothing appears to happen.
The black bear bites you! The black bear closely misses you. x2
Casting: Magic Dart (safe; 1% risk of failure)
Confirm with . or Enter, or press ? or * to list all spells.
Aiming: Magic Dart (safe; 1% risk of failure)
Press: ? - help, Shift-Dir - straight line, f/p - black bear
Aim: a black bear (almost dead, berserk, 100% to hit)
The magic dart hits the black bear.
The black bear is almost dead.
The black bear closely misses you. The black bear claws you.
The black bear misses you. x2; The black bear claws you.
The black bear barely misses you.
Casting: Magic Dart (safe; 1% risk of failure)
Confirm with . or Enter, or press ? or * to list all spells.
Aiming: Magic Dart (safe; 1% risk of failure)
Press: ? - help, Shift-Dir - straight line, f/p - black bear
Aim: a black bear (almost dead, berserk, 100% to hit)
The magic dart hits the black bear.
The black bear is almost dead.
The black bear barely misses you. The black bear claws you.
* * * LOW HITPOINT WARNING * * *
The black bear claws you.
* * * LOW HITPOINT WARNING * * *
Casting: Magic Dart (safe; 1% risk of failure)
Confirm with . or Enter, or press ? or * to list all spells.
You blink.
The black bear closely misses you. The black bear barely misses you.
The black bear claws you.
You die...

#....######..#.#..#..##..........
###.##....##......#####....######
###......##...###.####... #
###..#..#..#'###.....# #
##.)...##...#.#.......
#..†...##...#.#...#$#
#.##..#†.#..'.#...$#
#..##......##.#...$#
##..##....###†#.@.#$#...
##...###### #.#.h.......
#...###..####'#'#.....## ...##
##.#.....§###.### ..##
##..#.)....# +# .## ##...#..##..#
.# ##....#..##..#
.###.....#......#
.##).....#......#


You could see a black bear (berserk).

Vanquished Creatures
  Menkaure (D:4)
  An ogre (D:4)
  2 phantoms (D:4)
  A centaur zombie (D:4)
  A bullfrog zombie (D:4)
  A hound (D:4)
  A jelly (D:4)
  2 scorpion zombies (D:4)
  A hound zombie (D:4)
  Robin (D:3)
  6 adders
  2 ufetubi (D:4)
  An adder skeleton (D:4)
  An adder zombie (D:4)
  A worm (D:4)
  2 dart slugs
  4 orcs (D:2)
  5 bats
  11 endoplasms
  17 goblins
  10 hobgoblins
  3 jackals (D:1)
  8 quokkas
  7 ball pythons
  4 frilled lizards
  5 kobolds
  5 rats
104 creatures vanquished.

Notes
Turn   | Place    | Note
-------+----------+-------------------------------------------
     0 | D:1      | tsouns the Spriggan Conjurer began the quest for the Orb.
     0 | D:1      | Reached XP level 1. HP: 9/9 MP: 5/5
   347 | D:1      | Reached XP level 2. HP: 13/13 MP: 1/7
   587 | D:1      | Learned a level 2 spell: Searing Ray
  1170 | D:2      | Reached skill level 4 in Stealth
  1170 | D:2      | Reached XP level 3. HP: 16/16 MP: 5/8
  1306 | D:2      | Reached skill level 1 in Short Blades
  2075 | D:3      | Reached XP level 4. HP: 21/21 MP: 10/10
  2449 | D:3      | Found an ancient bone altar of Kikubaaqudgha.
  2532 | D:3      | Found Qomnael's One-of-a-Kind Rings.
  2563 | D:3      | Noticed Robin
  2593 | D:3      | Killed Robin
  2594 | D:3      | Reached skill level 5 in Stealth
  2681 | D:3      | Found a faded altar of an unknown god.
  2884 | D:4      | Noticed Menkaure
  2888 | D:4      | Killed Menkaure
  2889 | D:4      | Reached XP level 5. HP: 24/24 MP: 10/12
  3012 | D:4      | Found a staircase to the Ecumenical Temple.
  3026 | Temple   | Entered the Ecumenical Temple
  3107 | D:4      | Reached XP level 6. HP: 28/28 MP: 13/13
  3126 | D:4      | Reached skill level 6 in Stealth
  3139 | D:4      | Learned a level 3 spell: Dazzling Flash
  3144 | D:4      | Learned a level 4 spell: Sticky Flame
  3149 | D:4      | Learned a level 4 spell: Iskenderun's Mystic Blast
  3416 | D:4      | Reached skill level 5 in Spellcasting
  3416 | D:4      | Reached XP level 7. HP: 19/32 MP: 3/15
  3419 | D:4      | Learned a level 2 spell: Blink
  3922 | D:4      | Reached skill level 7 in Stealth
  4174 | D:4      | Slain by a black bear

Illustrated notes

Levels and vault maps discovered:
D:1:      mainiacjoe_arrival_reflecting_pool, layout_loops_cross,
          minmay_hedge_maze
D:2:      layout_rooms
D:3:      layout_basic, mainiacjoe_overflow_surrounded_room,
          shapermc_ecumenical_altar_gd, minmay_misc_feat_hallway,
          nicolae_shop_unique_rings, uniq_robin
D:4:      minmay_polygon_palace, layout_layer_cave, amcnicky_altar_gilded,
          minmay_temple_entry_drinking_statues, serial_undead, serial_undead_d,
          serial_undead_e, serial_undead_f, serial_undead_b, serial_undead_c,
          serial_undead_b, serial_undead_c, roderic_serpentine_path,
          uniq_menkaure
Temple:   minmay_temple_curvy_loop

Skill      XL: |  1  2  3  4  5  6  7 |
---------------+----------------------+-----
Conjurations   | 3 4 |  4.3
Spellcasting   | 3 4 5 |  5.5
Stealth        | 4 5 6 7 |  7.3
Short Blades   | 1 2 3 4 |  4.0
Dodging        | |  2.6

Action                     |  1- 3 |  4- 6 |  7- 9 || total
---------------------------+-------+-------+-------++-------
  Melee: Unarmed           |     4 |       |       ||     4
         Short sword       |    32 |    22 |       ||    54
         Dagger            |       |    32 |       ||    32
         Punch             |       |     1 |       ||     1
   Cast: Magic Dart        |    90 |    44 |    67 ||   201
         Searing Ray       |       |     5 |     2 ||     7
         Blink             |       |       |     1 ||     1
    Use: Scroll            |       |     9 |     1 ||    10
   Stab: Sleeping          |     2 |     5 |       ||     7
         Distracted        |       |     2 |       ||     2
 Armour: Robe              |     5 |    11 |     4 ||    20
  Dodge: Dodged            |    27 |    64 |    21 ||   112

Table legend: (Time is in decaauts)
 A = Elapsed time spent in this place.
 B = Non-inter-level travel time spent in this place.
 C = Inter-level travel time spent in this place.
 D = Time resting spent in this place.
 E = Time spent auto-exploring this place.
 F = Levels seen in this place.
 G = Mean time per level.
                   A        B        C        D        E       F      G
               +--------+--------+--------+--------+--------+-----+--------+
         Total |   3322 |   3283 |     39 |     22 |   2623 |   5 |  664.4 |
       Dungeon |   3315 |   3276 |     39 |     22 |   2623 |   4 |  828.8 |
        Temple |      6 |      6 |      0 |      0 |      0 |   1 |    6.0 |
               +--------+--------+--------+--------+--------+-----+--------+

Top non-repeatable levels by time:
     D:4: 1062 daAuts
     D:1: 885 daAuts
     D:2: 699 daAuts
     D:3: 668 daAuts
  Temple: 6 daAuts
